 Dungeon Crawl Stone Soup version 0.22-a0-480-g991dd4b (webtiles) character file.

8600 KillYourself the Carver (level 11, -6/97 HPs)
             Began as a Green Draconian Berserker on June 16, 2018.
             Was an Elder of Trog.
             Mangled by an ogre
             ... wielding a +0 giant spiked club
              (11 damage)
             ... on level 1 of the Orcish Mines.
             The game lasted 00:46:49 (11599 turns).

KillYourself the Carver (DrBe)                     Turns: 11599, Time: 00:46:50

Health: -6/97      AC:  9    Str: 22    XL:     11   Next: 12%
Magic:  11/11      EV: 18    Int: 10    God:    Trog [****..]
Gold:   123        SH:  0    Dex: 16    Spells: 10/10 levels left

rFire    . . .     SeeInvis .   q - -3 long sword (curse)
rCold    . . .     Gourm    .   (no shield)
rNeg     . . .     Faith    .   (armour unavailable)
rPois    +         Spirit   .   (helmet restricted)
rElec    .         Reflect  .   w - +0 cloak
rCorr    .         Harm     .   (no gloves)
MR       .....                  c - +0 pair of boots
Stlth    ++........             G - amulet of rage
HPRegen  0.26/turn              o - ring of loudness (curse)
MPRegen  0.12/turn              A - +3 ring of intelligence

@: berserk cooldown, slowed, very slow
A: breathe noxious fumes, unfitting armour, talons 1, agile 2, mutation
resistance 1, poison resistance, cold-blooded, AC +7
a: Breathe Noxious Fumes, Berserk, Trog's Hand, Brothers in Arms, Renounce
Religion, Evoke Berserk Rage


You were on level 1 of the Orcish Mines.
You worshipped Trog.
Trog was greatly pleased with you.
You were not hungry.

You visited 3 branches of the dungeon, and saw 11 of its levels.
You also visited: Ossuary.

You collected 465 gold pieces.
You spent 342 gold pieces at shops.

Inventory:

Hand Weapons
 a - a +0 falchion
 q - a cursed -3 long sword (weapon)
 u - a +0 falchion of holy wrath
 x - a +1 great mace of protection
 C - a +1 long sword of protection
Armour
 c - a +0 pair of boots (worn)
 w - a +0 cloak (worn)
Jewellery
 o - a cursed ring of loudness (left hand)
 A - a +3 ring of intelligence (right hand)
 G - an amulet of rage (around neck)
 I - an uncursed ring of resist corrosion
Wands
 k - a wand of flame (56)
 p - a wand of iceblast (10)
 z - a wand of polymorph (5)
 F - a wand of paralysis (15)
Scrolls
 d - 9 scrolls of remove curse {unknown}
 e - 4 scrolls of fog {unknown}
 f - a scroll of immolation {unknown}
 g - 3 scrolls of teleportation {unknown}
 h - 3 scrolls of blinking {unknown}
 i - a scroll of enchant armour {unknown}
 j - 10 scrolls of identify {unknown}
 m - a scroll of noise {unknown}
 n - 2 scrolls of magic mapping {unknown}
 t - a scroll of vulnerability {unknown}
 v - a scroll of fear {unknown}
 y - a scroll of torment {unknown}
 E - a scroll of random uselessness {unknown}
Potions
 l - a potion of degeneration
 r - 2 potions of agility
 s - 2 potions of curing
 B - a potion of berserk rage
 D - a potion of flight
Comestibles
 b - 12 rations


   Skills:
 + Level 9.4 Fighting
 + Level 12.3 Long Blades
 + Level 8.0 Dodging
 + Level 4.3 Stealth


You had 10 spell levels left.
You didn't know any spells.
Your spell library contained the following spells:

 Spells                   Type           Power        Failure   Level  Hunger
 Animate Dead             Necr           N/A          98%         4    #####..
 Pain                     Necr           #...         36%         1    ##.....
 Animate Skeleton         Necr           N/A          36%         1    ##.....
 Vampiric Draining        Necr           #.........   75%         3    ####...
 Regeneration             Chrm/Necr      #.........   75%         3    ####...


Dungeon Overview and Level Annotations

Branches:
Dungeon (9/15)             Temple (1/1) D:5             Orc (1/2) D:9
   Lair: D:8-11

Altars:
Ashenzari
Cheibriados
Dithmenos
Elyvilon
Fedhas
Gozag
Hepliaklqana
Kikubaaqudgha
Makhleb
Nemelex Xobeh
Okawaru
Qazlal
Ru
Sif Muna
Trog
Uskayaw
Vehumet
Wu Jian
Xom
Yredelemnul
Zin
The Shining One

Shops:
D:5 :   D:6 (   D:7 =   Orc:1 *


Innate Abilities, Weirdness & Mutations

You can breathe blasts of noxious fumes.
Your lurid green scales are hard. (AC +7)
You cannot fit into any form of body armour.
Your system is resistant to poisons. (rPois)
You are cold-blooded and may be slowed by cold attacks.
You have sharp toenails.
You are very agile. (Dex +4)
You are somewhat resistant to further mutation.


Message History

The ogre is moderately wounded.
The two-headed ogre misses you.
You riposte.
You completely miss the two-headed ogre.
You tail-slap the two-headed ogre.
The two-headed ogre is moderately wounded.
The two-headed ogre hits you with a giant spiked club!!
* * * LOW HITPOINT WARNING * * *
The two-headed ogre misses you. The two-headed ogre barely misses you.
The two-headed ogre hits you with a giant spiked club!
* * * LOW HITPOINT WARNING * * *
The two-headed ogre misses you. The ogre barely misses you.
The two-headed ogre hits you but does no damage.
The two-headed ogre hits you with a giant spiked club!
* * * LOW HITPOINT WARNING * * *
You have got your breath back.
The two-headed ogre misses you.
You riposte.
You hit the two-headed ogre.
The two-headed ogre is moderately wounded.
The two-headed ogre closely misses you.
The ogre hits you with a giant spiked club!
You die...

##.#.........#
##.###.##.....#
....##.#......##
....#...#......#
.....#.##.....#####
##.)....)..#..#...##
#...)).............#
...)<>....#........#
#.#).........#.#@O###
..............#..OO.##
..............##.....##
..........#..#####.O#O#####
............## ###...##.###
......#...... ##.......##
.........##.##
##.#.....##.# .........# .#
##[(((...... ###........#


You could see 2 two-headed ogres and 3 ogres.

Vanquished Creatures
  An ogre mage (Orc:1)
  2 two-headed ogres (D:9)
  Pikel (D:4)
  Joseph (D:8)
  A troll (D:9)
  Sigmund (D:2)
  2 hippogriffs
  A hungry ghost (D:8)
  2 wargs
  2 water moccasins
  An ice beast (D:5)
  7 orc warriors
  A sky beast (D:8)
  5 ogres
  2 phantoms
  4 necrophages
  2 elf zombies (D:8)
  4 bullfrogs
  3 water moccasin zombies
  5 scorpions
  3 killer bees (D:9)
  A water moccasin skeleton (D:9)
  2 wights (D:8)
  3 howler monkeys
  3 crimson imps
  2 hounds
  A quasit (D:9)
  2 human zombies (D:8)
  A jelly (D:5)
  8 orc wizards
  6 orc priests
  Crazy Yiuf (D:6)
  Ijyb (D:3)
  2 bullfrog skeletons
  A centaur skeleton (D:5)
  A gnoll shaman (D:7)
  3 iguanas
  6 worker ants
  A killer bee zombie (D:8)
  2 big kobold zombies (Ossuary)
  An ogre skeleton (D:8)
  2 hound skeletons
  4 mummies
  A howler monkey zombie (D:6)
  8 gnolls
  7 adders
  2 oozes (D:4)
  5 adder zombies (Ossuary)
  2 worms (D:3)
  3 dart slugs
  7 leopard geckos
  30 orcs
  4 giant cockroaches
  7 gnoll zombies (Ossuary)
  9 goblins
  8 hobgoblins
  4 quokkas
  3 ball pythons
  9 bats
  3 frilled lizards
  6 hobgoblin zombies (Ossuary)
  15 kobolds
  3 kobold zombies (Ossuary)
  A leopard gecko skeleton (D:5)
  An orc skeleton (D:8)
  8 orc zombies (Ossuary)
  8 rats
  5 fungi (D:6)
264 creatures vanquished.

Vanquished Creatures (collateral kills)
  An ogre (D:9)
  A big kobold (D:9)
  3 orcs (D:6)
5 creatures vanquished.

Vanquished Creatures (others)
  A bullfrog skeleton (D:4)
  An orc wizard (Orc:1)
  2 orcs (D:4)
4 creatures vanquished.

Grand Total: 273 creatures vanquished

Notes
Turn   | Place    | Note
-------+----------+-------------------------------------------
     0 | D:1      | KillYourself the Draconian Berserker began the quest for the Orb.
     0 | D:1      | Reached XP level 1. HP: 19/19 MP: 1/1
   202 | D:1      | Reached XP level 2. HP: 26/26 MP: 2/2
   882 | D:2      | Reached XP level 3. HP: 33/33 MP: 3/3
   930 | D:2      | Found a shimmering altar of Xom.
   937 | D:2      | Found a radiant altar of Vehumet.
  1023 | D:2      | Reached ** piety under Trog
  1032 | D:2      | Noticed Sigmund
  1045 | D:2      | Killed Sigmund
  1045 | D:2      | Reached skill level 4 in Long Blades
  1045 | D:2      | Reached XP level 4. HP: 41/41 MP: 4/4
  1045 | D:2      | Reached XP level 5. HP: 47/47 MP: 5/5
  1068 | D:2      | Gained mutation: You are agile. (Dex +2) [potion of mutation]
  1068 | D:2      | Gained mutation: You expend magic power (3 MP) to strengthen your wands. [potion of mutation]
  1068 | D:2      | Gained mutation: You tend to lose your temper in combat. [potion of mutation]
  1068 | D:2      | Gained mutation: Your tail ends in a poisonous barb. [potion of mutation]
  1095 | D:2      | Lost mutation: You expend magic power (3 MP) to strengthen your wands. [potion of mutation]
  1095 | D:2      | Lost mutation: You tend to lose your temper in combat. [potion of mutation]
  1095 | D:2      | Lost mutation: You are agile. (Dex +2) [potion of mutation]
  1095 | D:2      | Gained mutation: You have sharp toenails. [potion of mutation]
  1095 | D:2      | Gained mutation: Your skin changes colour to match your surroundings (Stealth+). [potion of mutation]
  1267 | D:2      | Found a faded altar of an unknown god.
  1659 | D:3      | Noticed Ijyb
  1671 | D:3      | Killed Ijyb
  1794 | D:3      | Reached skill level 5 in Long Blades
  2012 | D:3      | Reached skill level 1 in Stealth
  2222 | D:3      | Reached XP level 6. HP: 53/53 MP: 6/6
  2473 | D:4      | Reached *** piety under Trog
  2714 | D:4      | Found a sand-covered staircase.
  2720 | Ossuary  | Entered an ossuary
  2879 | Ossuary  | Reached skill level 5 in Fighting
  2902 | Ossuary  | Your scales start taking on a lurid green colour.
  2902 | Ossuary  | Reached XP level 7. HP: 61/61 MP: 7/7
  2902 | Ossuary  | Gained mutation: Your system is resistant to poisons. (rPois) [Green Draconian growth]
  2913 | Ossuary  | Reached skill level 6 in Long Blades
  3442 | D:4      | Lost mutation: You have sharp toenails. [potion of mutation]
  3442 | D:4      | Lost mutation: Your tail ends in a poisonous barb. [potion of mutation]
  3442 | D:4      | Gained mutation: You do not regenerate when monsters are visible. [potion of mutation]
  3442 | D:4      | Gained mutation: You evolve. [potion of mutation]
  3548 | D:4      | Noticed Pikel
  3597 | D:4      | Killed Pikel
  3597 | D:4      | Reached skill level 7 in Long Blades
  3597 | D:4      | Reached XP level 8. HP: 11/70 MP: 8/8
  4084 | D:5      | Entered Level 5 of the Dungeon
  4135 | D:5      | Found a staircase to the Ecumenical Temple.
  4155 | D:5      | Found Pasa Puw's Book Shop.
  4172 | D:5      | Reached skill level 5 in Dodging
  4322 | Temple   | Entered the Ecumenical Temple
  4508 | Temple   | Lost mutation: You evolve. [evolution]
  4678 | D:5      | Reached skill level 8 in Long Blades
  5163 | D:5      | Reached **** piety under Trog
  5832 | D:5      | Found an opulent altar of Gozag.
  5833 | D:5      | Found an ornate altar of the Wu Jian Council.
  6044 | D:6      | Lost mutation: You do not regenerate when monsters are visible. [potion of mutation]
  6044 | D:6      | Lost mutation: Your skin changes colour to match your surroundings (Stealth+). [potion of mutation]
  6044 | D:6      | Gained mutation: You are agile. (Dex +2) [potion of mutation]
  6044 | D:6      | Gained mutation: You are very agile. (Dex +4) [potion of mutation]
  6044 | D:6      | Gained mutation: You have sharp toenails. [potion of mutation]
  6044 | D:6      | Gained mutation: You are somewhat resistant to further mutation. [potion of mutation]
  6046 | D:6      | Found an iron altar of Okawaru.
  6557 | D:6      | Reached skill level 9 in Long Blades
  6557 | D:6      | Reached XP level 9. HP: 78/78 MP: 9/9
  6614 | D:6      | Found a runed door.
  6618 | D:6      | Noticed Crazy Yiuf
  6627 | D:6      | Killed Crazy Yiuf
  6692 | D:6      | Found a sparkling altar of Nemelex Xobeh.
  6788 | D:6      | Found Ireur's Weapon Boutique.
  6804 | D:6      | Bought a +1 great mace of protection for 207 gold pieces
  6816 | D:6      | Found a white marble altar of Elyvilon.
  6892 | D:6      | Found a burning altar of Makhleb.
  6956 | D:6      | Found a hazy altar of Hepliaklqana.
  7522 | D:7      | Found Qeitodu's Jewellery Shop.
  8392 | D:8      | Reached skill level 10 in Long Blades
  8526 | D:8      | Found an ancient bone altar of Kikubaaqudgha.
  8679 | D:8      | Reached XP level 10. HP: 85/85 MP: 10/10
  8883 | D:8      | Noticed Joseph
  8895 | D:8      | Killed Joseph
  9328 | D:9      | Noticed a two-headed ogre
  9343 | D:9      | Killed a two-headed ogre
  9343 | D:9      | Reached skill level 11 in Long Blades
  9436 | D:9      | Noticed a two-headed ogre
  9448 | D:9      | Killed a two-headed ogre
  9486 | D:9      | Received a gift from Trog
 10380 | D:9      | Found a glowing golden altar of the Shining One.
 10692 | D:9      | Reached skill level 12 in Long Blades
 10799 | D:9      | Found a staircase to the Orcish Mines.
 11240 | Orc:1    | Entered Level 1 of the Orcish Mines
 11526 | Orc:1    | Found Teklous's Assorted Antiques.
 11535 | Orc:1    | Bought a blue potion for 20 gold pieces
 11535 | Orc:1    | Bought a knobbly diamond ring for 115 gold pieces
 11570 | Orc:1    | Reached XP level 11. HP: 64/97 MP: 11/11
 11574 | Orc:1    | Noticed an ogre mage
 11582 | Orc:1    | Noticed a two-headed ogre
 11589 | Orc:1    | Killed an ogre mage
 11590 | Orc:1    | Noticed a two-headed ogre
 11596 | Orc:1    | HP: 4/97 [two-headed ogre/giant club (10)]
 11599 | Orc:1    | Mangled by an ogre

Vault maps used:
D:1:      lightli_arrival_statue_moat
D:2:      minmay_kobold_bridge, fiery_altar_vehumet, xom_teletrap_fun,
          chequers_ecumenical_altar_island, uniq_sigmund
D:3:      uniq_ijyb
D:4:      nicolae_ossuary_entry_plus, first_ration, uniq_pikel
D:5:      gammafunk_temple_overflow_statue,
          minmay_temple_entry_statues_fountains, serial_shops, shop,
          item_on_display_a
D:6:      nicolae_overflow_crystal_walls, nicolae_overflow_hidden_temple,
          makhleb_blood_cavern_becter, nemelex_xobeh_ov_fountains_minmay,
          serial_shops, shop, minmay_misc_feat_tiny, elyvilon_altar_5,
          uniq_crazy_yiuf_cottage
D:7:      serial_shops, shop, kennysheep_crisscross
D:8:      lemuel_mausoleum_altar_kikubaaqudgha, uniq_joseph
D:9:      kennysheep_mini, erik_orc_3
Temple:   hc_temple_tempest_star
Orc:1:    basic_altar, serial_shops, shop, mines1_david
Ossuary:  ossuary_tomb_2

Skill      XL: |  1  2  3  4  5  6  7  8  9 10 11 |
---------------+----------------------------------+-----
Dodging        | 3 4 5 6 7 8 |  8.0
Fighting       | 4 5 6 8 9 |  9.4
Long Blades    | 4 5 7 9 10 12 | 12.3
Stealth        | 1 2 3 4 |  4.3

Action                   |  1- 3 |  4- 6 |  7- 9 | 10-12 || total
-------------------------+-------+-------+-------+-------++-------
Melee: Falchion          |    57 |   146 |   220 |       ||   423
       Tailslap          |     8 |    24 |   150 |    72 ||   254
       Kick              |       |    27 |       |       ||    27
       Long sword        |       |       |   340 |   290 ||   630
Invok: Berserk           |     3 |     5 |     8 |     7 ||    23
       Trog's Hand       |       |       |     1 |     3 ||     4
       Brothers in Arms  |       |       |     1 |     2 ||     3
 Abil: Breathe Noxious F |       |       |     2 |     1 ||     3
  Use: Potion            |       |     9 |     7 |     2 ||    18
 Stab: Sleeping          |       |     2 |       |     1 ||     3
       Invisible         |       |       |     1 |       ||     1
       Distracted        |       |       |       |     1 ||     1
  Eat: Chunk             |     2 |     3 |     9 |    15 ||    29
       Ration            |       |     3 |     5 |     2 ||    10
Armor: Skin              |    23 |    42 |    88 |    54 ||   207
Dodge: Dodged            |    47 |    63 |   324 |   255 ||   689
       Rpst.: Falchion   |    12 |    16 |    42 |       ||    70
       Long sword        |       |       |    66 |    82 ||   148

Table legend:
 A = Spawn XP
 B = Non-spawn XP
 C = Spawn XP percentage of total XP
 D = Spawn monster count
 E = Non-spawn monster count
 F = Spawn count percentage of total count
 G = Total turns spent on level
                    A         B        C        D         E        F      G
               +---------+---------+-------+---------+---------+-------+---------
         Total |       0 |   12287 |   0.0 |       0 |     265 |   0.0 | 11599
               +---------+---------+-------+---------+---------+-------+---------
           D:1 |       0 |      31 |   0.0 |       0 |      19 |   0.0 |   834
           D:2 |       0 |     269 |   0.0 |       0 |      19 |   0.0 |   820
           D:3 |       0 |     105 |   0.0 |       0 |      20 |   0.0 |   803
           D:4 |       0 |     965 |   0.0 |       0 |      19 |   0.0 |  1076
           D:5 |       0 |     765 |   0.0 |       0 |      21 |   0.0 |  1643
           D:6 |       0 |     758 |   0.0 |       0 |      17 |   0.0 |   985
           D:7 |       0 |    1078 |   0.0 |       0 |      21 |   0.0 |  1033
           D:8 |       0 |    2219 |   0.0 |       0 |      29 |   0.0 |  1250
           D:9 |       0 |    4051 |   0.0 |       0 |      49 |   0.0 |  1912
         Orc:1 |       0 |    1736 |   0.0 |       0 |      16 |   0.0 |   359
       Ossuary |       0 |     310 |   0.0 |       0 |      35 |   0.0 |   551
               +---------+---------+-------+---------+---------+-------+---------
